 Dungeon Crawl Stone Soup version 0.30-a0-739-gea05faddec (webtiles) character file.

Game seed: 10882701337508343284

4008 tilp the Basher (level 10, -1/86 HPs)
             Began as a Meteoran Fighter on Feb 4, 2023.
             Was a Priest of Okawaru.
             Slain by a centaur warrior
             ... wielding a +1 spectral quarterstaff
              (16 damage)
             ... on level 8 of the Dungeon.
             The game lasted 00:16:14 (2630 turns).

tilp the Basher (Meteoran Fighter)                  Turns: 2630, Time: 00:16:14

Health: -1/86      AC: 15    Str: 20    XL:     10   Next: 75%
Magic:  16/16      EV: 12    Int: 11    God:    Okawaru [***...]
Gold:   316        SH:  6    Dex: 15    Spells: 9/9 levels left

rFire   + . .      SeeInvis .    a - +5 mace "Liurphioss" {speed, rPois rF+}
rCold   . . .      Faith    .    c - +0 buckler
rNeg    . . .      Spirit   .    p - +0 chain mail
rPois   +          Reflect  .    t - +0 helmet
rElec   .          Harm     .    w - +0 cloak
rCorr   .          Rampage  .    (no gloves)
Will    +....                    (no boots)
Stlth   +                        (no amulet)
HPRegen 0.34/turn                (no ring)
MPRegen 0.15/turn                (no ring)

@: about to teleport, heroic, glowing
A: sense surroundings 2, otherworldly, glowing, explore regen, mutation
resistance 1, wild magic 1
a: Renounce Religion, Heroism


You were on level 8 of the Dungeon.
You worshipped Okawaru.
Okawaru was most pleased with you.
You visited 2 branches of the dungeon, and saw 10 of its levels.

You collected 316 gold pieces.

Inventory:

Hand Weapons
 a - the +5 mace "Liurphioss" (weapon) {speed, rPois rF+}
   (You found it on level 3 of the Dungeon)

   rF:        It protects you from fire.
   rPois:     It protects you from poison.
 b - a +3 hand axe of flaming
 l - a +1 flail of venom
Missiles
 f - 56 stones
 h - 21 poisoned darts (quivered)
 o - 2 curare-tipped darts
Armour
 c - a +0 buckler (worn)
 k - the +3 chain mail "Nusat" {-Tele rF+++ rN+ rCorr Int-2}
   (You found it on level 3 of the Dungeon)

   Int:       It affects your intelligence (-2).
   rF:        It renders you almost immune to fire.
   rN:        It protects you from negative energy.
   -Tele:     It prevents most forms of teleportation.
   rCorr:     It protects you from acid and corrosion.
 p - a +0 chain mail (worn)
 t - a +0 helmet (worn)
 w - a +0 cloak (worn)
Magical Staves
 u - a staff of conjuration
Wands
 i - a wand of digging (4)
Scrolls
 e - 2 scrolls of teleportation
 s - 2 scrolls of poison {unknown}
 v - a scroll of blinking
Potions
 d - a potion of brilliance
 g - 3 potions of mutation
 j - 7 potions of curing
 m - 3 potions of might
 n - a potion of resistance {unknown}
 q - 2 potions of attraction
 r - 2 potions of flight


   Skills:
 * Level 7.4(12.4) Fighting
 - Level 3.1(8.1) Long Blades
 * Level 9.6(14.6) Maces & Flails
 - Level 4.0(9.0) Throwing
 - Level 6.0(11.0) Armour
 + Level 6.2(11.2) Dodging
 + Level 3.8(8.8) Stealth
 - Level 4.0(9.0) Shields
 * Level 7.2 Invocations


You had 9 spell levels left.
You didn't know any spells.
Your spell library was empty.

Dungeon Overview and Level Annotations

Branches:
Dungeon (9/15) Zot: 2983   Temple (1/1) D:4 Zot: 539    Lair (0/5) D:8
    Orc: D:9-12

Altars:
Ashenzari
Cheibriados
Gozag
Makhleb
Nemelex Xobeh
Okawaru
Sif Muna
Trog
Uskayaw
Vehumet
Wu Jian
Yredelemnul
Zin

Annotations:
D:6 Pikel


Innate Abilities, Weirdness & Mutations

You passively map the area around you.
You are easily found by Zot.
You glow in the dark.
You regain HP and MP as you explore.
You are somewhat resistant to further mutation.
Your spells are a little harder to cast, but a little more powerful.


Message History

A centaur warrior comes into view.
It is wielding a +1 spectral quarterstaff.
The centaur warrior shouts!
The centaur warrior hits you but does no damage.
The centaur warrior closely misses you. You block the centaur warrior's attack.
The centaur warrior misses you.
You see here a +0 robe.
You thump the centaur warrior!
The centaur warrior is lightly wounded.
The centaur warrior hits you with a +1 spectral quarterstaff!
* * * LOW HITPOINT WARNING * * *
The centaur warrior kicks you but does no damage.
You sock the centaur warrior!
The centaur warrior is heavily wounded.
You hit the centaur warrior.
The centaur warrior is heavily wounded.
The centaur warrior hits you with a +1 spectral quarterstaff!
* * * LOW HITPOINT WARNING * * *
The centaur warrior closely misses you.
You sock the centaur warrior!
The centaur warrior is severely wounded.
You hit the centaur warrior.
The centaur warrior is severely wounded.
The centaur warrior drinks a potion.
The centaur warrior is healed!
A wyvern comes into view.
The wyvern hisses angrily.
You sock the centaur warrior!
The centaur warrior is severely wounded.
The centaur warrior drinks a potion.
The centaur warrior is healed!
You barely miss the centaur warrior.
The centaur warrior is heavily wounded.
You sock the centaur warrior!
The centaur warrior is severely wounded.
The centaur warrior hits you with a +1 spectral quarterstaff!
* * * LOW HITPOINT WARNING * * *
The centaur warrior kicks you but does no damage.
A guardian serpent comes into view.
As you read the scroll of teleportation, it crumbles to dust.
You feel strangely unstable.
The centaur warrior hits you with a +1 spectral quarterstaff!
You die...

......# * #.....#
, ##...##########
.##...)Dz.....##
* *
#.##..###+###..##
* [#.#.## ,
##D.##,* ,**
#.#### * ##z.# ,
, , .#D.#. , , *
##.# ,, ,,
#.#..#* * #@# *,
* .#...# , #c# ,
#.#..D. * '.., *
, .## ,#z.
,,*.#.## ### #C ,
*#.#l# #.##### ,
, ..## ,** **.
#.# #.....# ,#.
...# .# ..#
#.....###.. ..###
, S#* .##
#.........# *
.##[# #*
#......##.#


You could see an eight-headed hydra, a skeletal warrior, a centaur warrior, a
guardian serpent and a wyvern.

Vanquished Creatures
  The ghost of derval the Summoner, an amateur OpSu of Gozag (D:4)
  A wyvern (D:8)
  8 yaks (D:8)
  4 vampire mosquitoes (D:7)
  A water moccasin (D:7)
  2 sky beasts (D:7)
  A black bear (D:5)
  4 ice beasts
  A phantom (D:5)
  2 centaurs
  A lemure (D:5)
  A kobold brigand (D:8)
  The ghost of Crownlay the Digger, an amateur OpEE (D:3)
  A scorpion (D:5)
  A water moccasin zombie (D:3)
  A water moccasin skeleton (D:4)
  5 killer bees (D:8)
  2 hounds (D:4)
  2 orc priests (D:4)
  A bullfrog skeleton (D:4)
  A gnoll bouda (D:4)
  3 iguanas (D:5)
  An orc wizard (D:8)
  A howler monkey zombie (D:4)
  A mummy (D:4)
  6 gnolls
  A howler monkey skeleton (D:4)
  5 adders
  A white imp (D:6)
  3 ufetubi
  2 worms
  12 orcs
  5 ball pythons
  5 endoplasms
  A giant cockroach (D:2)
  13 hobgoblins
  2 jackals (D:4)
  9 kobolds
  2 quokkas
  A ball python zombie (D:3)
  A frilled lizard (D:1)
  7 goblins
  6 rats
130 creatures vanquished.

Notes
Turn   | Place    | Note
-------+----------+-------------------------------------------
     0 | D:1      | tilp the Meteoran Fighter began the quest for the Orb.
     0 | D:1      | Reached XP level 1. HP: 19/19 MP: 2/2
    31 | D:1      | Reached XP level 2. HP: 21/26 MP: 3/3
    87 | D:1      | Reached skill level 1 in Dodging
   302 | D:1      | Reached XP level 3. HP: 31/31 MP: 4/4
   373 | D:2      | Gained mutation: Your spells are a little harder to cast,
                  | but a little more powerful. [potion of mutation]
   373 | D:2      | Gained mutation: You are somewhat resistant to further
                  | mutation. [potion of mutation]
   375 | D:2      | HP: 1/31 [poisoned by a goblin]
   442 | D:3      | Identified the +3 chain mail "Nusat" {-Tele rF+++ rN+ rCorr
                  | Int-2}
   462 | D:3      | Identified the +5 mace "Liurphioss" {speed, rPois rF+}
   473 | D:2      | Reached XP level 4. HP: 37/38 MP: 5/5
   545 | D:4      | Noticed a centaur
   552 | D:4      | Killed a centaur
   553 | D:4      | Reached skill level 1 in Maces & Flails
   553 | D:4      | Reached skill level 1 in Stealth
   553 | D:4      | Reached XP level 5. HP: 30/46 MP: 6/6
   570 | D:4      | Found a transporter.
   576 | D:4      | Noticed derval's ghost (amateur OpSu)
   578 | D:4      | You fall into a shaft and drop 1 floor!
   578 | D:5      | Entered Level 5 of the Dungeon
   594 | D:5      | Noticed a phantom
   607 | D:5      | Killed a phantom
   608 | D:5      | Reached skill level 2 in Maces & Flails
   608 | D:5      | Reached XP level 6. HP: 40/52 MP: 7/7
   643 | D:4      | Reached skill level 3 in Maces & Flails
   670 | D:4      | Reached XP level 7. HP: 41/59 MP: 8/8
   688 | D:4      | Found a transporter.
   725 | D:3      | Found a faded altar of an unknown god.
   911 | D:3      | Found a runed translucent gate.
   911 | D:3      | Found a runed translucent gate.
   911 | D:3      | Found a runed translucent gate.
   911 | D:3      | Noticed Crownlay's ghost (amateur OpEE)
   913 | D:3      | Found a basalt altar of Yredelemnul.
   925 | D:3      | Reached skill level 4 in Maces & Flails
   925 | D:3      | Reached skill level 1 in Throwing
   970 | D:3      | Killed Crownlay's ghost
   971 | D:3      | Reached skill level 5 in Maces & Flails
  1214 | D:4      | Found a staircase to the Ecumenical Temple.
  1241 | Temple   | Entered the Ecumenical Temple
  1286 | Temple   | Became a worshipper of Warmaster Okawaru
  1360 | D:5      | Reached skill level 6 in Maces & Flails
  1465 | D:4      | Reached XP level 8. HP: 66/66 MP: 9/9
  1601 | D:4      | Reached skill level 1 in Invocations
  1727 | D:4      | Killed derval's ghost
  1730 | D:4      | Reached * piety under Okawaru
  1855 | D:6      | Reached skill level 5 in Fighting
  1855 | D:6      | Reached skill level 7 in Maces & Flails
  1855 | D:6      | Gained mutation: You passively map the area around you.
                  | [Meteoran growth]
  1855 | D:6      | Reached XP level 9. HP: 67/74 MP: 12/12
  1890 | D:6      | Noticed Pikel
  2076 | D:7      | Reached ** piety under Okawaru
  2077 | D:7      | Reached skill level 5 in Armour
  2114 | D:7      | Reached skill level 5 in Dodging
  2151 | D:7      | Reached skill level 8 in Maces & Flails
  2151 | D:7      | Reached skill level 5 in Invocations
  2277 | D:8      | Reached XP level 10. HP: 83/83 MP: 12/15
  2349 | D:8      | Found a staircase to the Lair.
  2388 | D:8      | Reached skill level 9 in Maces & Flails
  2401 | D:8      | Reached *** piety under Okawaru
  2571 | D:8      | Noticed an eight-headed hydra
  2571 | D:8      | Noticed a cyclops
  2571 | D:8      | Noticed a skeletal warrior
  2619 | D:8      | Noticed a centaur warrior
  2629 | D:8      | Noticed a guardian serpent
  2630 | D:8      | Slain by a centaur warrior

Illustrated notes

Levels and vault maps discovered:
D:1:      spicycebolla_arrival_xxxplode, layout_basic, minmay_heptomino_l4
D:2:      layout_basic
D:3:      layout_rooms, nicolae_yredelemnul_ghost_church,
          basic_ecumenical_altar, minmay_strange_pillars
D:4:      layout_basic, minmay_temple_entry_tees, gammafunk_ghost_mausoleum,
          minmay_between
D:5:      layout_loops_cross, hangedman_decor_clover_reticule
D:6:      layout_gridville, serial_shops, shop, uniq_prince_ribbit1, uniq_pikel
D:7:      layout_basic, nicolae_qazlal_general_emergency, uniq_maggie
D:8:      minmay_the_grid_octo_triangle [minmay_the_grid_octo_checkered,
          minmay_the_grid_octo_prize_big_c, minmay_the_grid_octo_clover_2],
          layout_rooms
D:9:      layout_grid_maze, gammafunk_temple_overflow_wave,
          minmay_misc_feat_tower, minmay_statues_item
Temple:   eino_narrow_crystal_temple

Skill      XL: |  1  2  3  4  5  6  7  8  9 10 |
---------------+-------------------------------+-----
Dodging        | 1 2 3 4 5 6 |  6.2
Long Blades    | 3 |  3.1
Maces & Flails | 1 2 3 6 7 8 9 |  9.6
Armour         | 4 5 6 |  6.0
Stealth        | 1 2 3 |  3.8
Shields        | 4 |  4.0
Fighting       | 4 5 6 7 |  7.4
Throwing       | 2 3 4 |  4.0
Invocations    | 3 5 7 |  7.2

Action                     |  1- 3 |  4- 6 |  7- 9 | 10-12 || total
---------------------------+-------+-------+-------+-------++-------
  Melee: Long sword        |    70 |       |       |       ||    70
         Mace              |       |    48 |   335 |   132 ||   515
  Throw: Dart              |       |       |     1 |     2 ||     3
 Invoke: Heroism           |       |       |     4 |     3 ||     7
  Evoke: Wand              |       |       |       |     1 ||     1
    Use: Potion            |     1 |     1 |       |       ||     2
         Scroll            |       |       |    13 |     3 ||    16
 Armour: Scale mail        |    27 |    15 |     2 |       ||    44
         Chain mail        |       |       |   112 |    36 ||   148
  Dodge: Dodged            |    24 |    17 |    76 |    23 ||   140
  Block: Buckler           |    18 |    10 |    47 |    22 ||    97

Table legend: (Time is in decaauts)
 A = Elapsed time spent in this place.
 B = Non-inter-level travel time spent in this place.
 C = Inter-level travel time spent in this place.
 D = Time resting spent in this place.
 E = Time spent auto-exploring this place.
 F = Levels seen in this place.
 G = Mean time per level.
                   A        B        C        D        E       F      G
               +--------+--------+--------+--------+--------+-----+--------+
         Total |   2476 |   2272 |    204 |      0 |      0 |  10 |  247.6 |
       Dungeon |   2415 |   2245 |    170 |      0 |      0 |   9 |  268.3 |
        Temple |     60 |     26 |     34 |      0 |      0 |   1 |   60.0 |
               +--------+--------+--------+--------+--------+-----+--------+

Top non-repeatable levels by time:
     D:4: 643 daAuts
     D:3: 411 daAuts
     D:5: 336 daAuts
     D:1: 316 daAuts
     D:8: 253 daAuts
     D:7: 195 daAuts
     D:2: 191 daAuts
  Temple: 60 daAuts
     D:6: 39 daAuts
     D:9: 28 daAuts
